 Dungeon Crawl Stone Soup version 0.30-a0-737-gf23d94013f (webtiles) character file.

Game seed: 3220432229225935392

2151 kae the Changer (level 9, -24/76 HPs)
             Began as a Black Draconian Transmuter on Feb 1, 2023.
             Was a Follower of Ru.
             Killed from afar by Maggie (43 damage)
             ... with a bolt of fire
             ... on level 6 of the Dungeon.
             The game lasted 00:08:48 (6678 turns).

kae the Changer (Black Draconian Transmuter)        Turns: 6678, Time: 00:08:49

Health: -24/76     AC:  8    Str: 12    XL:     9   Next: 10%
Magic:  14/16      EV: 10    Int: 17    God:    Ru [*.....]
Gold:   259        SH:  0    Dex: 13    Spells: 1/17 levels left

rFire   x . .      SeeInvis .      - Unarmed
rCold   + + +      Faith    .    (shield currently unavailable)
rNeg    . . .      Spirit   .    (body armour unavailable)
rPois   +          Reflect  .    (helmet currently unavailable)
rElec   .          Harm     .    (cloak currently unavailable)
rCorr   .          Rampage  .    (gloves currently unavailable)
Will    .....                    (boots currently unavailable)
Stlth   +                        (no amulet)
HPRegen 0.32/turn                (no ring)
MPRegen 0.15/turn                (no ring)

@: ice-form, unable to read
A: freezing attack, amphibious, boosted hp, (breathe lightning), AC +7, large,
unfitting armour, (electricity resistance), (cold-blooded), inability to read
after injury 2
a: End Transformation, Renounce Religion


You were on level 6 of the Dungeon.
You worshipped Ru.
Ru was aware of your devotion.
You were a creature of crystalline ice.
You visited 1 branch of the dungeon, and saw 6 of its levels.
You also visited: Sewer.

You collected 309 gold pieces.
You spent 50 gold pieces at shops.


Innate Abilities, Weirdness & Mutations

You are a creature of crystalline ice.
You have a powerful freezing melee attack.
You are amphibious.
Your maximum health is increased.
Your armour is entirely melded.
You are incapable of wielding weapons or throwing items.
((You can breathe wild blasts of lightning.))
((Your glossy black scales are hard. (AC +7)))
You cannot fit into any form of body armour.
((You are resistant to electric shocks. (rElec)))
((You are cold-blooded and may be slowed by cold attacks.))
You sometimes lose the ability to read scrolls when taking damage.


   Skills:
 - Level 1.1 Fighting
 - Level 1.7 Dodging
 + Level 5.9 Unarmed Combat
 + Level 4.9 Spellcasting
 * Level 7.5 Transmutations
 - Level 5.1 Ice Magic
 * Level 1.7 Earth Magic
 - Level 2.0 Poison Magic


You had one spell level left.
You knew the following spells:

 Your Spells              Type           Power      Damage    Failure   Level
a - Beastly Appendage     Tmut           58%        N/A       1%          1
b - Wereblood             Tmut           29%        N/A       1%          2
c - Spider Form           Tmut/Pois      20%        N/A       6%          3
d - Ice Form              Ice/Tmut       25%        N/A       11%         4
e - Statue Form           Tmut/Erth      13%        N/A       97%         6

Your spell library contained the following spells:

 Spells                   Type           Power      Damage    Failure   Level
 Sandblast                Erth           20%        2d7       7%          1
 Passwall                 Tmut/Erth      16%        N/A       3%          2
 Blink                    Tloc           8%         N/A       22%         2
 Lesser Beckoning         Tloc           8%         N/A       22%         2
 Momentum Strike          Conj/Tloc      8%         3d8       22%         2
 Petrify                  Tmut/Erth      20%        N/A       22%         4
 Stone Arrow              Conj/Erth      14%        3d7       30%         3
 Tukima's Dance           Hex            4%         N/A       41%         3
 Yara's Violent Unravell  Hex/Tmut       8%         3d5       63%         5
 Metabolic Englaciation   Hex/Ice        6%         N/A       80%         5
 Passage of Golubria      Tloc           4%         N/A       82%         4

Inventory:

Missiles
 c - 87 stones
 f - 34 poisoned darts
 l - a curare-tipped dart {=f}
 n - 3 throwing nets {=f!f}
Armour
 v - the +2 leather armour "Zaremn" {+Blink Str+4}
   (You found it on level 6 of the Dungeon)

   Str:       It affects your strength (+4).
   +Blink:    It lets you blink.
Wands
 e - a wand of polymorph (8)
   (You took it off Ijyb on level 4 of the Dungeon)
 r - a wand of digging (5)
   (You found it on level 5 of the Dungeon)
Scrolls
 b - 2 scrolls of enchant weapon
 h - 2 scrolls of noise {!r}
 i - 3 scrolls of poison {!r}
 j - 3 scrolls of amnesia
 k - a scroll of teleportation {@r4}
 t - 2 scrolls of identify {@r1}
 w - a scroll of fear {unknown}
 x - 2 scrolls of fog {unknown}
 y - 2 scrolls of enchant armour
Potions
 a - 3 potions of lignification {!q}
 d - a potion of brilliance
 g - 2 potions of curing {@q1}
 m - a potion of might
 o - 2 potions of mutation {!q}
 p - a potion of haste {@q3}
 q - 2 potions of degeneration {unknown}
 s - a potion of heal wounds {unknown}
 u - 2 potions of flight {unknown}
 z - a potion of invisibility {unknown}

Dungeon Overview and Level Annotations

Branches:
Dungeon (6/15) Zot: 25902  Temple (0/1) D:6           Sewer (visited)

Altars:
Dithmenos
Elyvilon
Fedhas
Makhleb
Okawaru
Ru
Wu Jian

Shops:
D:3 ?

Annotations:
D:6 Maggie

######### ##### ......@.# #...#
###### #Y# # #...# #...<# #.#
#.###...# .#.##.######
#.#######.......+
.#.#####...####.#...#....#....##
#.#..............#...+.##...#..).
#.#######...#........##.#####.#..
..# ####......###..#..###..#. ..#
##....###..#..###..#...## ..#
##....####....## #....####


You could see Maggie.


Message History

😎 MP[+3]
Your mp is fully restored (16).
Your transformation is almost over.
You warm up again.
You now have 259 gold pieces (gained 11).
Found a white marble altar of Elyvilon. 😎 HP[-12]
You now have 64 max hp (-12).
Found a staircase to the Ecumenical Temple.
Found an escape hatch in the floor.
There is a white marble altar of Elyvilon here.
There is a staircase to the Ecumenical Temple here.
u - 2 blue potions (gained 1)
There is a staircase to the Ecumenical Temple here.
A scorpion comes into view.
A scorpion is nearby!
A scorpion is nearby!
A scorpion is nearby!
Casting: Wereblood (safe; 1% risk of failure)
Confirm with . or Enter, or press ? or * to list all spells.
You turn into a creature of crystalline ice. 😎 HP[+12] MP[-4]
You now have 76 max hp (+12).
Your hp is fully restored (76).
You lost 4 mp, and now have 12/16 mp.
The scorpion misses you.
You punch the scorpion! You freeze the scorpion.
You kill the scorpion!
No target in view!
No target in view!
You see here a scorpion corpse.
z - a glowing sapphire potion 😎 MP[+1] No target in view!
No target in view!
You see here a scorpion corpse.
Your transformation is almost over.
Found a stone staircase leading up. 😎 MP[+3]
Your mp is fully restored (16).
You warm up again.
Maggie the Vainglorious comes into view.
She is wielding a +0 long sword.
Maggie shouts!
Maggie casts a spell.
Maggie attempts to bespell you!
You are mesmerised by Maggie! 😎 HP[-12]
You now have 64 max hp (-12).
Unknown command.
You break out of your daze!
Casting: Ice Form (dangerous; 11% risk of failure)
Confirm with . or Enter, or press ? or * to list all spells.
You turn into a creature of crystalline ice. 😎 HP[+12] MP[-4]
You now have 76 max hp (+12).
Your hp is fully restored (76).
You lost 4 mp, and now have 12/16 mp.
You start resting.
Maggie is nearby!
Maggie practices a pose.
You redirect Maggie's attack!
Maggie hits herself with a +0 long sword!
You punch Maggie! You freeze Maggie. Maggie hits you with a +0 long sword!
You punch Maggie! You freeze Maggie.
Maggie hits you with a +0 long sword. 😕 HP[-13] MP[+1]
You take 13 damage, and now have 63/76 hp.
You punch Maggie! You freeze Maggie. You completely miss Maggie.
Maggie casts a spell.
Maggie attempts to bespell you! You resist with some effort. 😕 HP[+1]
You barely miss Maggie. Maggie gestures at you while chanting.
The bolt of fire hits you! The fire burns you terribly!
You feel threatened and lose the ability to read scrolls! 😮 HP[-16]
You take 16 damage, and now have 48/76 hp.
MASSIVE DAMAGE!! (PAUSE)
You punch Maggie! You freeze Maggie. Maggie casts a spell at you.
The bolt of fire hits you!! The fire burns you terribly!
* * * LOW HITPOINT WARNING * * *
😨 HP[-19]
You take 19 damage, and now have 29/76 hp.
MASSIVE DAMAGE!! (PAUSE)
You hit Maggie but do no damage. Maggie hits you with a +0 long sword!
* * * LOW HITPOINT WARNING * * *
😨 HP[-6]
You take 6 damage, and now have 23/76 hp.
You barely miss Maggie. Maggie hits you with a +0 long sword.
* * * LOW HITPOINT WARNING * * *
😱 HP[-5]
You take 5 damage, and now have 18/76 hp.
Unknown command.
You barely miss Maggie.
Maggie is stunned by your conviction and fails to attack.
Unknown command.
You barely miss Maggie.
Maggie points at you and mumbles some strange words.
The bolt of fire hits you!!! The fire burns you terribly!
Ouch! That really hurt!
You die...

Skill      XL: |  1  2  3  4  5  6  7  8 |
---------------+-------------------------+-----
Transmutations | 3 4 5 6 7 |  7.5
Poison Magic   | 1 2 |  2.0
Unarmed Combat | 4 5 |  5.9
Spellcasting   | 3 4 |  4.9
Ice Magic      | 1 3 5 |  5.1
Earth Magic    | 1 |  1.7
Fighting       | |  1.1
Dodging        | |  1.7

Action                     |  1- 3 |  4- 6 |  7- 9 || total
---------------------------+-------+-------+-------++-------
  Melee: Unarmed           |   127 |   126 |   239 ||   492
         Kick              |    12 |     3 |       ||    15
         Headbutt          |     8 |       |       ||     8
         Tailslap          |     5 |     2 |     2 ||     9
         Punch             |     1 |     3 |     1 ||     5
   Cast: Beastly Appendage |    22 |     6 |       ||    28
         Spider Form       |     1 |    10 |    27 ||    38
         Wereblood         |       |       |     4 ||     4
         Ice Form          |       |       |    11 ||    11
 Invoke: Sacrifice Words   |       |       |     1 ||     1
    Use: Scroll            |     2 |     8 |     6 ||    16
         Potion            |       |     4 |     1 ||     5
   Stab: Sleeping          |     1 |     1 |       ||     2
 Armour: Skin              |    36 |    23 |    37 ||    96
  Dodge: Dodged            |    88 |    72 |   147 ||   307

Levels and vault maps discovered:
D:1:      evilmike_arrival_plus, layout_loops_ring, st_stairs_6,
          chequers_serial_rivers_small_b
D:2:      layout_loops_cross
D:3:      layout_loops_ring, mainiacjoe_overflow_chevrons,
          gammafunk_temple_overflow_statue, nicolae_nh_oracle_at_delphi
D:4:      layout_basic, chequers_temple_overflow_statue_of_worship,
          portal_sewer_entry_d, uniq_duvessa, uniq_ijyb, uniq_sigmund
D:5:      layout_gridville
D:6:      hellmonk_destroyed_diamonds, layout_basic, lemuel_crystal_altar,
          temple_statues, uniq_maggie

Notes
Turn   | Place    | Note
-------+----------+-------------------------------------------
     0 | D:1      | kae the Draconian Transmuter began the quest for the Orb.
     0 | D:1      | Reached XP level 1. HP: 16/16 MP: 3/3
     0 | D:1      | magus.rc [v1.11.3]
   146 | D:1      | Reached XP level 2. HP: 22/23 MP: 3/5
   354 | D:1      | You pick up a book of Geomancy and begin reading...
   354 | D:1      | You add the spells Sandblast, Passwall and Stone Arrow to
                  | your library.
   727 | D:1      | Reached XP level 3. HP: 22/28 MP: 4/6
   834 | D:1      | Learned a level 2 spell: Wereblood
   838 | D:1      | Learned a level 3 spell: Spider Form
   869 | D:2      | Reached skill level 3 in Transmutations
   996 | D:2      | Identified the +5 whip "Kudep" {freeze, rN+ Str-5 Int+3}
  1464 | D:3      | Found a shadowy altar of Dithmenos.
  1568 | D:3      | HP: 7/28 [gnoll/+0 spear (5)]
  1571 | D:3      | Reached XP level 4. HP: 9/35 MP: 4/7
  1927 | D:3      | You pick up a book of Spatial Translocations and begin
                  | reading...
  1927 | D:3      | You add the spells Blink, Momentum Strike and Lesser
                  | Beckoning to your library.
  1976 | D:3      | Found The Oracle's Delphic Readings.
  1979 | D:3      | Reached skill level 1 in Poison Magic
  1985 | D:3      | Bought a scroll of teleportation for 30 gold pieces
  1985 | D:3      | Bought a scroll of identify for 20 gold pieces
  2208 | D:3      | Found a burning altar of Makhleb.
  2209 | D:3      | Found a blossoming altar of Fedhas.
  2530 | D:4      | Noticed Duvessa
  2530 | D:4      | Noticed Dowan
  2627 | D:4      | You add the spells Tukima's Dance, Passage of Golubria and
                  | Yara's Violent Unravelling to your library.
  2649 | D:4      | HP: 8/35 [iguana (12)]
  2651 | D:4      | Reached XP level 5. HP: 9/40 MP: 6/9
  2682 | D:4      | Found an ornate altar of the Wu Jian Council.
  2683 | D:4      | Found a sacrificial altar of Ru.
  2684 | D:4      | Found an iron altar of Okawaru.
  2695 | D:4      | Became a worshipper of Ru the Awakened
  2697 | D:4      | Noticed Sigmund
  2709 | D:4      | Killed Sigmund
  2710 | D:4      | Reached skill level 4 in Unarmed Combat
  2710 | D:4      | Reached skill level 3 in Spellcasting
  2710 | D:4      | Reached skill level 4 in Transmutations
  2710 | D:4      | Reached skill level 2 in Poison Magic
  2710 | D:4      | Reached XP level 6. HP: 18/47 MP: 4/10
  2725 | D:4      | Learned a level 4 spell: Ice Form
  2908 | D:4      | HP: 7/47 [Duvessa/+0 rapier (5)]
  2909 | D:4      | HP: 2/47 [Duvessa/+0 rapier (5)]
  2915 | D:4      | Killed Duvessa
  2916 | D:4      | Reached skill level 1 in Ice Magic
  2959 | D:4      | Killed Dowan
  2960 | D:4      | Reached skill level 5 in Transmutations
  2968 | D:4      | Noticed Ijyb
  2989 | D:4      | Killed Ijyb
  2990 | D:4      | Your scales start taking on a glossy black colour.
  2990 | D:4      | Reached XP level 7. HP: 32/52 MP: 12/12
  2990 | D:4      | Gained mutation: You are resistant to electric shocks.
                  | (rElec) [Black Draconian growth]
  3082 | D:4      | Found a glowing drain.
  3105 | Sewer    | Entered a sewer
  3164 | Sewer    | Reached skill level 2 in Ice Magic
  3896 | Sewer    | Reached skill level 3 in Ice Magic
  4310 | D:5      | Entered Level 5 of the Dungeon
  4337 | D:5      | Reached skill level 4 in Spellcasting
  4339 | D:5      | Gained mutation: You occasionally lose the ability to read
                  | scrolls when taking damage. [Ru sacrifice]
  4339 | D:5      | Gained mutation: You sometimes lose the ability to read
                  | scrolls when taking damage. [Ru sacrifice]
  4339 | D:5      | Reached * piety under Ru
  4378 | D:5      | Reached skill level 6 in Transmutations
  4379 | D:5      | Reached skill level 5 in Unarmed Combat
  4526 | D:5      | Reached XP level 8. HP: 29/59 MP: 5/14
  4915 | D:5      | You pick up a book of Sloth and begin reading...
  4915 | D:5      | You add the spells Petrify, Metabolic Englaciation and
                  | Statue Form to your library.
  5363 | D:5      | Reached skill level 4 in Ice Magic
  5758 | D:6      | Reached skill level 7 in Transmutations
  5758 | D:6      | Reached skill level 5 in Ice Magic
  5935 | D:6      | Learned a level 6 spell: Statue Form
  6119 | D:6      | Identified the +2 leather armour "Zaremn" {+Blink Str+4}
  6156 | D:6      | Reached skill level 1 in Earth Magic
  6295 | D:6      | Reached XP level 9. HP: 59/64 MP: 11/16
  6532 | D:6      | Found a white marble altar of Elyvilon.
  6538 | D:6      | Found a staircase to the Ecumenical Temple.
  6662 | D:6      | Noticed Maggie
  6676 | D:6      | HP: 18/76 [Maggie/+0 long sword (5)]
  6678 | D:6      | Killed from afar by Maggie

Vanquished Creatures
  Sigmund (D:4)
  Duvessa (D:4)
  2 ice beasts
  An ogre (D:6)
  4 kobold brigands (Sewer)
  5 scorpions
  6 killer bees (D:6)
  Dowan (D:4)
  2 jellies (D:6)
  4 orc priests
  A gnoll bouda (D:5)
  A hound (D:6)
  5 iguanas
  Ijyb (D:4)
  3 orc wizards
  7 gnolls
  7 adders
  3 river rats (Sewer)
  5 worms (Sewer)
  A dart slug (D:4)
  19 orcs
  5 bats
  10 endoplasms
  4 giant cockroaches
  4 goblins
  5 hobgoblins
  8 jackals
  3 quokkas
  10 ball pythons
  5 frilled lizards
  15 kobolds
  5 rats
154 creatures vanquished.

Table legend:
 A = Non-vault XP
 B = Vault XP
 C = Vault XP percentage of total XP
 D = Non-vault monster count
 E = Vault monster count
 F = Vault count percentage of total count
                 A         B        C        D         E       F
            +---------+---------+-------+---------+---------+-------
      Total |    2094 |     980 |  31.9 |     117 |      37 |  24.0
            +---------+---------+-------+---------+---------+-------
        D:1 |      42 |       4 |   8.7 |      26 |       2 |   7.1
        D:2 |      14 |       0 |   0.0 |       9 |       0 |   0.0
        D:3 |      88 |       2 |   2.2 |      15 |       2 |  11.8
        D:4 |     139 |     483 |  77.7 |      18 |       5 |  21.7
        D:5 |     577 |       0 |   0.0 |      27 |       0 |   0.0
        D:6 |    1234 |       0 |   0.0 |      22 |       0 |   0.0
      Sewer |       0 |     491 | 100.0 |       0 |      28 | 100.0
            +---------+---------+-------+---------+---------+-------

Illustrated notes

Table legend:
 A = Kills in this place as a percentage of kills in entire the game.
 B = Kills by you in this place as a percentage of kills by you in the entire game.
 C = Kills by friends in this place as a percentage of kills by friends in the entire game.
 D = Other kills in this place as a percentage of other kills in the entire game.
 E = Experience gained in this place as a percentage of experience gained in the entire game.
 F = Experience gained in this place divided by the number of levels of this place that you have seen.
                   A       B       C       D       E      F
               +-------+-------+-------+-------+-------+----------------------
         Total | 100.0 | 100.0 |   N/A |   N/A | 100.0 | 439.1
       Dungeon |  81.8 |  81.8 |   N/A |   N/A |  84.0 | 430.5
         Sewer |  18.2 |  18.2 |   N/A |   N/A |  16.0 | 491.0
               +-------+-------+-------+-------+-------+----------------------

Table legend: (Time is in decaauts)
 A = Elapsed time spent in this place.
 B = Non-inter-level travel time spent in this place.
 C = Inter-level travel time spent in this place.
 D = Time resting spent in this place.
 E = Time spent auto-exploring this place.
 F = Levels seen in this place.
 G = Mean time per level.
                   A        B        C        D        E       F      G
               +--------+--------+--------+--------+--------+-----+--------+
         Total |   6818 |   6612 |    206 |     80 |   4988 |   7 |  974.0 |
       Dungeon |   5694 |   5488 |    206 |     77 |   4179 |   6 |  949.0 |
         Sewer |   1123 |   1123 |      0 |      3 |    809 |   1 | 1123.0 |
               +--------+--------+--------+--------+--------+-----+--------+

Top non-repeatable levels by time:
     D:5: 1257 daAuts
     D:3: 1182 daAuts
   Sewer: 1123 daAuts
     D:6: 1097 daAuts
     D:1: 860 daAuts
     D:4: 719 daAuts
     D:2: 576 daAuts
